 Dungeon Crawl Stone Soup version 0.31.0-9-g3a7656b989 (webtiles) character file.

Game seed: 7506404008341117381

31 qw the Shooter (level 3, -1/20 HPs)
             Began as a Deep Elf Hunter on Feb 2, 2024.
             Succumbed to their own poison gas
             ... on level 1 of the Dungeon.
             The game lasted 00:00:02 (759 turns).

qw the Shooter (Deep Elf Hunter)                     Turns: 759, Time: 00:00:02

Health: -1/20      AC:  8    Str: 10    XL:     3   Next: 7%
Magic:  5/5        EV:  9    Int: 13    God:
Gold:   99         SH:  0    Dex: 18    Spells: 2/2 levels left

rFire   . . .        a - +0 shortbow
rCold   . . .        (shield currently unavailable)
rNeg    . . .        d - +0 scale mail
rPois   .            (no helmet)
rElec   .            (no cloak)
rCorr   .            (no gloves)
SInv    .            j - +1 pair of boots
Will    .....        (no amulet)
Stlth   +            (no ring)
HPRegen 0.23/turn    (no ring)
MPRegen 0.09/turn

%: no passive effects
@: lethally poisoned (-1 -> -9)
A: no striking features
a: no special abilities


You were on level 1 of the Dungeon.
You visited 1 branch of the dungeon, and saw 1 of its levels.

You collected 99 gold pieces.


   Skills:
 - Level 1.5 Fighting
 + Level 6.7 Ranged Weapons
 - Level 2.4 Dodging
 - Level 1.2 Stealth


You had 2 spell levels left.
You didn't know any spells.
Your spell library was empty.

Inventory:

Hand Weapons
 a - a +0 shortbow (weapon)
Armour
 d - a +0 scale mail (worn)
 j - a +1 pair of boots (worn)

Dungeon Overview and Level Annotations

Branches:
Dungeon (1/15)

Altars:


Message History

Blink to where?
Press: ? - help, Dir - move target, f - you
As you read the scroll labelled DEGHOU ISIDA, it crumbles to dust.
It was a scroll of blinking.
Done exploring.
751 ||| READING 3 scrolls labelled RYTHYU QONAKK.
The air fills with toxic fumes!
As you read the scroll labelled RYTHYU QONAKK, it crumbles to dust.
It was a scroll of poison.
Done exploring.
752 ||| DROPPING scroll of butterflies.
You drop a scroll of butterflies.
Done exploring.
753 ||| DROPPING potion of attraction.
You drop a potion of attraction.
Done exploring.
754 ||| DROPPING 2 scrolls of poison.
You drop 2 scrolls of poison.
Done exploring.
What level of the Dungeon? (default 1, ? - help) Sorry, I don't know how to get there.
Enter note:
Enter note:
Enter note:
Enter note:
Enter note:
Enter note:
Enter note:
Enter note:
Enter note: You are engulfed in poison gas.
You are lethally poisoned!
You feel very sick.
756 ||| Stepping ~*~*~tactically~*~*~ (cloud).
You feel very sick.
Things that are here:
2 scrolls of poison; a potion of attraction; a scroll of butterflies
There is a lethal amount of poison in your body!
You feel very sick.
There is a lethal amount of poison in your body!
You feel sick.
There is a lethal amount of poison in your body!
You die...

#.# #.#
###.#...........# #.#
#.# #¤¤.###########.#
#.# #.#######¤###
########.#
#.#######...>....00.#
#.........
#...........#####¤#.#
#.######..
########.......¤¤¤#.#
#.# ###
#.##.####¤0#.# #.#
#.##.####¤0#.# #.#
#.##¤¤¤¤¤@0#.####.#
#.#######¤##......#
#.# #¤######### #.#
#0# #.#######¤#
#.......¤0#
###########


There were no monsters in sight!

Vanquished Creatures
  A dart slug (D:1)
  2 ball pythons (D:1)
  3 bats (D:1)
  2 endoplasms (D:1)
  2 giant cockroaches (D:1)
  3 hobgoblins (D:1)
  A kobold (D:1)
  A frilled lizard (D:1)
  5 goblins (D:1)
  6 rats (D:1)
26 creatures vanquished.

Notes
Turn   | Place    | Note
-------+----------+-------------------------------------------
     0 | D:1      | qw the Deep Elf Hunter began the quest for the Orb.
     0 | D:1      | Reached XP level 1. HP: 12/12 MP: 3/3
     0 | D:1      | 0 ||| qw: Version: 0.3-a-155-g5e7d8dd
     0 | D:1      | 0 ||| qw: Game counter: 2713
     0 | D:1      | 0 ||| qw: Melee chars always use a shield: true
     0 | D:1      | 0 ||| qw: God list: Okawaru
     0 | D:1      | 0 ||| qw: Allow faded altars: false
     0 | D:1      | 0 ||| qw: Do Orc after clearing Dungeon:15 true
     0 | D:1      | 0 ||| qw: Do second Lair branch before Depths: true
     0 | D:1      | 0 ||| qw: Lair rune preference: random
     0 | D:1      | 0 ||| qw: Goals: Normal
     0 | D:1      | 0 ||| PLANNING D:1-11
   176 | D:1      | Reached XP level 2. HP: 16/16 MP: 4/4
   218 | D:1      | Reached skill level 6 in Ranged Weapons
   541 | D:1      | Reached XP level 3. HP: 20/20 MP: 5/5
   727 | D:1      | 727 ||| UPGRADING to +0 scale mail.
   737 | D:1      | 737 ||| DROPPING +0 leather armour.
   738 | D:1      | 738 ||| UPGRADING to +0 pair of boots.
   743 | D:1      | 743 ||| READING scroll labelled VIATTO UCUAZI.
   744 | D:1      | 744 ||| READING scroll labelled ICLIUV MYMPIU.
   747 | D:1      | 747 ||| READING 2 scrolls labelled SELUMEKKU.
   747 | D:1      | 747 ||| IDENTIFYING fuming golden potion
   748 | D:1      | 748 ||| READING scroll of identify.
   748 | D:1      | 748 ||| IDENTIFYING scroll labelled XADOTI VEQIDOM
   749 | D:1      | 749 ||| READING scroll of enchant armour.
   749 | D:1      | 749 ||| ENCHANTING +0 pair of boots.
   750 | D:1      | 750 ||| READING scroll labelled DEGHOU ISIDA.
   751 | D:1      | 751 ||| READING 3 scrolls labelled RYTHYU QONAKK.
   752 | D:1      | 752 ||| DROPPING scroll of butterflies.
   753 | D:1      | 753 ||| DROPPING potion of attraction.
   754 | D:1      | 754 ||| DROPPING 2 scrolls of poison.
   756 | D:1      | 756 ||| Stepping ~*~*~tactically~*~*~ (cloud).
   757 | D:1      | HP: 3/20 [poisoned by you (poison gas)]
   758 | D:1      | HP: 1/20 [poisoned by you (poison gas)]
   759 | D:1      | Succumbed to their own poison gas

Levels and vault maps discovered:
D:1:      psy_arrival_whirlpool, layout_loops_ring, skrybe_limestone_x

Skill      XL: |  1  2 |
---------------+-------+-----
Ranged Weapons | 6 |  6.7
Fighting       | |  1.5
Dodging        | |  2.4
Stealth        | |  1.2

Action                     || total
---------------------------++-------
   Fire: Shortbow          ||    55
    Use: Scroll            ||     7
 Armour: Leather armour    ||     5
  Dodge: Dodged            ||     2

Table legend:
 A = Non-vault XP
 B = Vault XP
 C = Vault XP percentage of total XP
 D = Non-vault monster count
 E = Vault monster count
 F = Vault count percentage of total count
                 A         B        C        D         E       F
            +---------+---------+-------+---------+---------+-------
      Total |      45 |       0 |   0.0 |      26 |       0 |   0.0
            +---------+---------+-------+---------+---------+-------
        D:1 |      45 |       0 |   0.0 |      26 |       0 |   0.0
            +---------+---------+-------+---------+---------+-------
